 Dungeon Crawl Stone Soup version 0.25.1-9-gc5326a611f (webtiles) character file.

Game seed: 13580721444312697902

186044 teolandon225 the Severer (level 17, -7/163 HPs)
             Began as a Minotaur Berserker on Dec 27, 2020.
             Was the Champion of Trog.
             Blown up by an orb spider (44 damage)
             ... with an orb of destruction
             ... on level 2 of the Spider Nest on Dec 28, 2020.
             The game lasted 02:59:36 (38819 turns).

teolandon225 the Severer (Minotaur Berserker)      Turns: 38819, Time: 02:59:36

Health: -7/163     AC: 24    Str: 38    XL:     17   Next: 42%
Magic:  16/16      EV: 21    Int:  8    God:    Trog [******]
Gold:   5399       SH:  0    Dex: 21    Spells: 16/16 levels left

rFire    + + .     SeeInvis +   n - +7 battleaxe "Acioromaxt" {vorpal, rPois MR+ Int+4 Dex+4}
rCold    + . .     Gourm    .   (shield currently unavailable)
rNeg     . . .     Faith    .   U - +5 plate armour "Qyluptue" {+Inv rPois}
rPois    +         Spirit   .   I - +0 hat {SInv}
rElec    .         Reflect  .   a - scarf {rC+ rF+}
rCorr    +         Harm     .   Z - +0 pair of gloves {Str+3}
MR       +++..                  Q - +2 pair of boots {Stlth+}
Stlth    +++.......             Y - amulet of the Crown {RegenMP Str+7}
HPRegen  0.37/turn              u - ring of resist corrosion
MPRegen  0.40/turn              O - ring "Riesmu Nidi" {rF+ MR+ Dex+6}

@: berserk cooldown, slowed, very slow
A: retaliatory headbutt, horns 2
}: 1/15 runes: decaying
a: Berserk, Trog's Hand, Brothers in Arms, Renounce Religion, Evoke Invisibility


You were on level 2 of the Spider Nest.
You worshipped Trog.
Trog was exalted by your worship.
You were not hungry.

You visited 5 branches of the dungeon, and saw 29 of its levels.
You also visited: Gauntlet and Ice Cave.

You collected 6725 gold pieces.
You spent 1326 gold pieces at shops.

Inventory:

Hand Weapons
 b - a +6 antimagic battleaxe
 n - the +7 battleaxe "Acioromaxt" (weapon) {vorpal, rPois MR+ Int+4 Dex+4}
   (Trog gifted it to you on level 4 of the Swamp)

   It inflicts extra damage upon your enemies.
   It affects your intelligence (+4).
   It affects your dexterity (+4).
   It protects you from poison.
   It affects your resistance to hostile enchantments.
 v - a +2 executioner's axe of flaming
 A - a +1 antimagic executioner's axe
Missiles
 t - 329 stones (quivered)
Armour
 a - a scarf of resistance (worn)
 l - the +5 scale mail of Sophism {Str+2 Int+3 Dex-4 Stlth+}
   (You took it off a minotaur in a Gauntlet)

   It affects your strength (+2).
   It affects your intelligence (+3).
   It affects your dexterity (-4).
   It makes you more stealthy.
 q - +5 swamp dragon scales
 I - a +0 hat of see invisible (worn)
 J - a +2 scale mail of fire resistance
 Q - a +2 pair of boots of stealth (worn)
 U - the +5 plate armour "Qyluptue" (worn) {+Inv rPois}
   (You found it in an ice cave)

   It protects you from poison.
   It lets you turn invisible.
 W - the +7 plate armour of Dogmatism {rC+ rN+ Dex+4}
   (You found it on level 14 of the Dungeon)

   It affects your dexterity (+4).
   It protects you from cold.
   It protects you from negative energy.
 Z - a +0 pair of gloves of strength (worn)
Jewellery
 u - a ring of resist corrosion (left hand)
 K - the ring "Maul" {rElec MR+ Int+4 SInv}
   (You found it on level 6 of the Lair of Beasts)

   [ring of see invisible]

   It affects your intelligence (+4).
   It insulates you from electricity.
   It affects your resistance to hostile enchantments.
   It lets you see invisible.
 O - the ring "Riesmu Nidi" (right hand) {rF+ MR+ Dex+6}
   (You found it in a Gauntlet)

   [ring of dexterity]

   It affects your dexterity (+6).
   It protects you from fire.
   It affects your resistance to hostile enchantments.
 P - a +6 ring of strength
 Y - the amulet of the Crown (around neck) {RegenMP Str+7}
   (You bought it in a shop on level 2 of the Orcish Mines)

   [amulet of magic regeneration]

   It increases your magic regeneration.
   It affects your strength (+7).
Wands
 c - a wand of polymorph (40)
 d - a wand of random effects (100)
 x - a wand of acid (33)
 F - a wand of iceblast (25)
 M - a wand of digging (6)
 V - a wand of disintegration (34)
Scrolls
 e - 2 scrolls of brand weapon
 h - 3 scrolls of fear
 i - 3 scrolls of magic mapping
 m - 8 scrolls of identify
 o - 5 scrolls of enchant weapon
 y - 18 scrolls of remove curse
 z - 7 scrolls of fog
 C - a scroll of summoning
 E - 15 scrolls of teleportation
 G - 2 scrolls of blinking
 N - a scroll of holy word
 X - a scroll of torment
Potions
 g - a potion of might
 j - 3 potions of ambrosia
 k - a potion of heal wounds
 p - 8 potions of haste
 r - 4 potions of invisibility
 s - 4 potions of mutation
 w - 5 potions of flight
 D - 2 potions of resistance
 H - 9 potions of curing
 L - 6 potions of lignification
Comestibles
 f - 19 rations
 B - a chunk of flesh


   Skills:
 + Level 17.8 Fighting
 - Level 20.0 Axes
 - Level 9.4 Armour
 + Level 16.3 Dodging
 + Level 15.0 Stealth


You had 16 spell levels left.
You didn't know any spells.
Your spell library was empty.

Dungeon Overview and Level Annotations

Branches:
Dungeon (15/15)            Temple (0/1) D:6            Lair (6/6) D:11
  Swamp (4/4) Lair:3       Spider (2/4) Lair:4        Slime (0/5) Lair:5
    Orc (2/2) D:12            Elf (0/3) Orc:2        Vaults (0/5) D:13
 Depths (0/5) D:15          IceCv (visited)         Gauntlet (visited)

Altars:
Dithmenos
Elyvilon
Fedhas
Kikubaaqudgha
Nemelex Xobeh
Qazlal
Sif Muna
Trog
Uskayaw
Zin
Beogh
Jiyva

Shops:
D:5 =   D:8 }**   D:12 *   D:13 (   D:14 *   Orc:2 [(=*

Annotations:
Lair:3 exclusion: oklob plant


Innate Abilities, Weirdness & Mutations

You reflexively headbutt those who attack you in melee.
You have a pair of horns on your head.


Message History

The orb spider weaves a glowing orb of energy.
An orb of destruction comes into view.
You are caught in the web!
The orb of destruction hits you!
The orb spider pulsates with a strange energy.
There is a web here.
You disentangle yourself.
The orb spider pulsates with a strange energy.
The orb spider weaves a glowing orb of energy.
An orb of destruction comes into view.
The orb of destruction hits you!!!
The orb spider begins to weave its threads into a brightly glowing ball.
The orb spider weaves a glowing orb of energy.
An orb of destruction comes into view.
The orb spider weaves a glowing orb of energy.
The orb of destruction hits you!!!
* * * LOW HITPOINT WARNING * * *
An orb of destruction comes into view.
The orb spider spins a strand of pure energy.
The orb of destruction hits you!!!
You die...

#### #..## ####?..#
##..^s..###
#.@○○..†#.###
###..##††....#
#...○##......#
##.○..#....†####
#.s.####.......##
#....#..........####
#...##...........#..
....#...#........#..
.....##.^.......###..


You could see 2 orb spiders.

Vanquished Creatures
  Jorgrun (D:15)
  Rupert (D:15)
  Gastronok (Lair:1)
  Donald (Orc:2)
  A thorn hunter (Swamp:4)
  2 orc warlords
  A minotaur (Gauntlet)
  A blizzard demon (Gauntlet)
  Josephine (D:10)
  Fannar (Lair:3)
  A fire dragon (D:15)
  A rakshasa (D:15)
  21 hydras
  Erica (D:9)
  4 shambling mangroves
  3 ghost crabs
  A centaur warrior (D:15)
  12 alligators
  6 two-headed ogres
  The ghost of hawla the Magician, a novice DrCj of Vehumet (D:8)
  A death yak (Lair:6)
  3 orc high priests
  A fire crab (Gauntlet)
  5 unseen horrors
  A deep troll (D:13)
  5 swamp dragons (Swamp:4)
  A wizard (D:15)
  3 spriggan druids
  A lindwurm (Lair:5)
  A harpy (shapeshifter) (D:13)
  4 ugly things
  9 orb spiders
  6 orc sorcerers
  4 orc knights
  3 deep elf magi
  2 cyclopes
  7 wolf spiders
  A moth of wrath (D:8)
  18 elephants
  2 ice statues (IceCv)
  3 black mambas
  A naga mage (D:15)
  A centaur zombie (D:13)
  A gargoyle (D:12)
  A torpor snail (shapeshifter) (D:15)
  A torpor snail (Lair:6)
  26 spiny frogs
  3 rime drakes
  8 komodo dragons
  A yaktaur (D:14)
  4 demonic crawlers
  2 efreet (D:14)
  An ice devil (Gauntlet)
  A queen bee (Lair:1)
  3 polar bears
  8 trolls
  3 meliai (D:15)
  13 jumping spiders
  19 hornets
  9 tyrant leeches
  Grinder (D:4)
  3 slime creatures (Swamp:1)
  8 hippogriffs
  21 blink frogs
  7 bog bodies
  6 dream sheep (Lair:6)
  5 wraiths (D:10)
  12 tarantellas
  35 redbacks
  53 yaks
  9 spriggans
  A water elemental (D:11)
  5 shadows
  3 wyverns
  3 fire bats (Gauntlet)
  A basilisk (Lair:6)
  A hungry ghost (D:11)
  A steam dragon (D:13)
  26 vampire mosquitoes
  11 insubstantial wisps
  A warg (Orc:1)
  A soldier ant (D:8)
  2 acid dragons
  13 swamp worms
  A hell hound (Gauntlet)
  15 water moccasins
  7 porcupines
  15 swamp drakes
  4 black bears
  10 ice beasts
  40 orc warriors
  5 sky beasts
  6 ogres
  16 wolves
  8 centaurs
  8 crocodiles
  2 big kobolds
  26 bullfrogs
  A wyvern zombie (D:12)
  A water moccasin zombie (D:10)
  6 scorpions
  A wyvern skeleton (D:11)
  28 killer bees
  3 electric eels
  8 wights
  7 howler monkeys
  4 crimson imps
  A quasit (D:13)
  A bullfrog zombie (D:5)
  13 hounds
  2 bullfrog skeletons
  30 orc priests
  3 centaur skeletons
  22 orc wizards
  Ijyb (D:4)
  2 iguanas
  Terence (D:3)
  4 hell rats (Lair:5)
  14 worker ants
  2 hound zombies
  A hound skeleton (D:5)
  A worker ant zombie (D:7)
  Robin (D:2)
  14 gnolls
  12 adders
  2 shadow imps
  13 white imps
  4 oozes
  4 adder skeletons
  3 worms
  2 dart slugs
  2 leopard geckos
  86 orcs
  5 giant cockroaches
  17 goblins
  13 hobgoblins
  8 jackals
  15 kobolds
  7 quokkas
  13 bats
  5 frilled lizards
  A quokka zombie (D:6)
  5 rats
  5 fungi
  9 plants
1044 creatures vanquished.

Vanquished Creatures (collateral kills)
  An ugly thing (Swamp:4)
1 creature vanquished.

Vanquished Creatures (others)
  An orc warlord (Orc:1)
  2 hydras
  3 shambling mangroves
  A centaur warrior (D:14)
  An ogre mage (D:15)
  2 two-headed ogres
  An alligator (Swamp:1)
  An orc high priest (Orc:2)
  A swamp dragon (Swamp:4)
  2 orc knights (Orc:2)
  2 orc sorcerers
  2 ugly things (Swamp:4)
  A manticore (D:15)
  A tyrant leech (Swamp:2)
  2 hornets
  3 blink frogs (Swamp:3)
  A spriggan (Swamp:4)
  2 vampire mosquitoes
  A warg (Orc:1)
  An insubstantial wisp (Swamp:3)
  3 swamp worms
  A sky beast (D:15)
  4 orc warriors
  A bush (Lair:6)
  40 fungi
  54 plants
134 creatures vanquished.

Grand Total: 1179 creatures vanquished

Notes
Turn   | Place    | Note
-------+----------+-------------------------------------------
     0 | D:1      | teolandon225 the Minotaur Berserker began the quest for the
                  | Orb.
     0 | D:1      | Reached XP level 1. HP: 19/19 MP: 0/0
    37 | D:1      | Reached XP level 2. HP: 20/27 MP: 1/1
   640 | D:1      | Reached skill level 4 in Axes
  1183 | D:2      | Reached XP level 3. HP: 29/33 MP: 2/2
  1256 | D:2      | Noticed Robin
  1265 | D:2      | Reached ** piety under Trog
  1273 | D:2      | Killed Robin
  1289 | D:2      | Reached XP level 4. HP: 41/41 MP: 3/3
  1866 | D:2      | Found a stormy altar of Qazlal.
  2059 | D:2      | HP: 2/61 [orc/+0 hand axe (2)]
  2524 | D:2      | Reached XP level 5. HP: 34/47 MP: 4/4
  2859 | D:3      | Reached skill level 5 in Fighting
  3082 | D:3      | Reached *** piety under Trog
  3086 | D:3      | Reached skill level 5 in Axes
  3273 | D:3      | Noticed Terence
  3279 | D:3      | Killed Terence
  3279 | D:3      | Reached XP level 6. HP: 56/56 MP: 5/5
  3956 | D:4      | Noticed Grinder
  3975 | D:4      | Killed Grinder
  3975 | D:4      | Reached skill level 5 in Armour
  3975 | D:4      | Reached XP level 7. HP: 41/62 MP: 6/6
  4829 | D:4      | Noticed Ijyb
  4834 | D:4      | Killed Ijyb
  4891 | D:4      | Reached skill level 6 in Axes
  5121 | D:5      | Entered Level 5 of the Dungeon
  5154 | D:5      | Found Mimuf's Jewellery Shoppe.
  5194 | D:5      | Reached skill level 5 in Dodging
  5512 | D:5      | Found a hide-covered altar of Uskayaw.
  5606 | D:5      | Reached **** piety under Trog
  5640 | D:5      | Reached XP level 8. HP: 71/71 MP: 7/7
  5689 | D:5      | Found an ancient bone altar of Kikubaaqudgha.
  6598 | D:5      | Reached skill level 7 in Axes
  7074 | D:6      | Found a staircase to the Ecumenical Temple.
  7838 | D:7      | Reached XP level 9. HP: 81/81 MP: 8/8
  7861 | D:7      | Reached skill level 8 in Axes
  8214 | D:7      | Found a glowing silver altar of Zin.
  8347 | D:7      | Reached ***** piety under Trog
  8607 | D:8      | Found a transporter.
  8610 | D:8      | Noticed hawla's ghost (novice DrCj)
  8613 | D:8      | Noticed a moth of wrath
  8647 | D:8      | Found a transporter.
  8680 | D:8      | Found Papyeblo's Assorted Antiques.
  8739 | D:8      | Found Laggamam's Assorted Antiques.
  8751 | D:8      | Found Caatsawi's Gadget Shop.
  8753 | D:8      | Bought a glowing broad axe for 175 gold pieces
  8864 | D:8      | Reached skill level 9 in Axes
  8940 | D:8      | Found a white marble altar of Elyvilon.
  8942 | D:8      | Found a bloodstained altar of Trog.
  9013 | D:8      | Found a shadowy altar of Dithmenos.
  9145 | D:8      | Found a blossoming altar of Fedhas.
  9357 | D:8      | Got a pair of steaming boots
  9367 | D:8      | Identified the +0 pair of boots of the Morning {rN+ rCorr
                  | Str-5} (You found it on level 8 of the Dungeon)
  9394 | D:8      | Found a shimmering blue altar of Sif Muna.
  9599 | D:8      | Killed a moth of wrath
  9609 | D:8      | Killed hawla's ghost
  9609 | D:8      | Reached skill level 10 in Axes
  9609 | D:8      | Reached XP level 10. HP: 44/91 MP: 9/9
 10166 | D:9      | Noticed Erica
 10177 | D:9      | Killed Erica
 10475 | D:9      | Reached skill level 11 in Axes
 11201 | D:10     | Entered Level 10 of the Dungeon
 11350 | D:10     | Reached skill level 10 in Fighting
 11350 | D:10     | Reached skill level 1 in Stealth
 11443 | D:10     | Found a sparkling altar of Nemelex Xobeh.
 11585 | D:10     | Noticed Josephine
 11590 | D:10     | Killed Josephine
 11596 | D:10     | Reached XP level 11. HP: 101/101 MP: 10/10
 11971 | D:10     | Noticed a two-headed ogre
 11978 | D:10     | Killed a two-headed ogre
 11978 | D:10     | Reached skill level 12 in Axes
 12244 | D:11     | Received a gift from Trog
 12251 | D:11     | Found a staircase to the Lair.
 12262 | D:11     | Found a gate leading to a gauntlet.
 12294 | Gauntlet | Entered a Gauntlet
 12294 | Gauntlet | Found a transporter.
 12328 | Gauntlet | Noticed a fire crab
 12335 | Gauntlet | Killed a fire crab
 12656 | Gauntlet | Found a transporter.
 12658 | Gauntlet | Found a transporter.
 12665 | Gauntlet | Got a clouded turquoise ring
 12669 | Gauntlet | Identified the ring "Riesmu Nidi" {rF+ MR+ Dex+6} (You
                  | found it in a Gauntlet)
 12676 | Gauntlet | Noticed a blizzard demon
 12690 | Gauntlet | Killed a blizzard demon
 12691 | Gauntlet | Found a transporter.
 12704 | Gauntlet | Found a large runed translucent door.
 12704 | Gauntlet | Found a large runed translucent door.
 12705 | Gauntlet | Found a large runed translucent door.
 12705 | Gauntlet | Found a large runed translucent door.
 12755 | Gauntlet | Identified the +5 scale mail of Sophism {Str+2 Int+3 Dex-4
                  | Stlth+}
 12755 | Gauntlet | Noticed a minotaur
 12798 | Gauntlet | Killed a minotaur
 12798 | Gauntlet | Reached skill level 13 in Axes
 13100 | Gauntlet | Identified the Disquisition on the Voyage
 13279 | D:11     | Reached skill level 10 in Dodging
 13520 | D:11     | Killed an unseen horror
 13520 | D:11     | Reached skill level 5 in Stealth
 14005 | Lair:1   | Entered Level 1 of the Lair of Beasts
 14155 | Lair:1   | Reached XP level 12. HP: 95/110 MP: 9/11
 14550 | Lair:1   | Reached skill level 14 in Axes
 14715 | Lair:1   | Noticed Gastronok
 14724 | Lair:1   | Killed Gastronok
 15757 | Lair:2   | Noticed an eight-headed hydra
 15766 | Lair:2   | Killed an eight-headed hydra
 15766 | Lair:2   | Reached skill level 15 in Axes
 15776 | Lair:2   | You fall into a shaft and drop 1 floor!
 15778 | Lair:3   | Found a staircase to the Swamp.
 15842 | Lair:3   | Found a frozen archway.
 15891 | Lair:3   | Received a gift from Trog
 15919 | IceCv    | Entered an ice cave
 15935 | IceCv    | Found a transporter.
 16096 | IceCv    | Got a heavily jewelled robe
 16106 | IceCv    | Identified the +3 robe "Duch" {rC+} (You found it in an ice
                  | cave)
 16118 | IceCv    | Found a transporter.
 16148 | IceCv    | Got a scorched plate armour
 16158 | IceCv    | Identified the +5 plate armour "Qyluptue" {+Inv rPois} (You
                  | found it in an ice cave)
 16397 | Lair:3   | Noticed Fannar
 16419 | Lair:3   | Killed Fannar
 16588 | Lair:3   | Reached XP level 13. HP: 119/119 MP: 4/12
 18158 | Lair:4   | Reached skill level 16 in Axes
 18182 | Lair:4   | Received a gift from Trog
 18826 | Lair:4   | Found a hole to the Spider Nest.
 19102 | Lair:5   | Found a viscous altar of Jiyva.
 19102 | Lair:5   | Found a staircase to the Slime Pits.
 20025 | Lair:6   | Entered Level 6 of the Lair of Beasts
 20100 | Lair:6   | Got a scorched tin ring
 20113 | Lair:6   | Reached skill level 10 in Stealth
 20360 | Lair:6   | Reached XP level 14. HP: 124/130 MP: 4/13
 20363 | Lair:6   | Reached skill level 17 in Axes
 20456 | Lair:6   | Received a gift from Trog
 21259 | Lair:6   | Got a fine robe
 21678 | Lair:6   | Identified the ring "Maul" {rElec MR+ Int+4 SInv} (You
                  | found it on level 6 of the Lair of Beasts)
 21834 | D:12     | Found the cursed +13 scythe of Curses {drain, *Curse}
 22117 | D:12     | Found Seys's Blood Bar.
 22274 | D:12     | Received a gift from Trog
 22353 | D:12     | Found a staircase to the Orcish Mines.
 22513 | D:13     | Found Jiagem's Antique Weapon Shoppe.
 22630 | D:13     | Reached skill level 18 in Axes
 23143 | D:13     | Found a gate to the Vaults.
 23491 | D:14     | Got a translucent plate armour
 23492 | D:14     | Identified the +7 plate armour of Dogmatism {rC+ rN+ Dex+4}
                  | (You found it on level 14 of the Dungeon)
 23897 | D:14     | Found Faaffu's General Store.
 23916 | D:14     | Bought a potion of curing for 48 gold pieces
 23916 | D:14     | Bought a +0 pair of gloves of strength for 184 gold pieces
 23916 | D:14     | Bought a scroll of identify for 32 gold pieces
 24038 | D:15     | Entered Level 15 of the Dungeon
 24495 | D:15     | Noticed Jorgrun
 24514 | D:15     | Killed Jorgrun
 24514 | D:15     | Reached XP level 15. HP: 107/139 MP: 14/14
 24727 | D:15     | Noticed Rupert
 24729 | D:15     | Received a gift from Trog
 24739 | D:15     | Killed Rupert
 24751 | D:15     | Reached ****** piety under Trog
 24759 | D:15     | Reached skill level 15 in Fighting
 24865 | D:15     | Found a staircase to the Depths.
 25107 | D:15     | Identified a scroll of acquirement
 25107 | D:15     | Acquired 3150 gold pieces
 25651 | Orc:1    | Entered Level 1 of the Orcish Mines
 25678 | Orc:1    | Reached skill level 19 in Axes
 25715 | Orc:1    | Noticed an orc warlord
 25726 | Orc:1    | Banished an orc warlord
 25795 | Orc:1    | Found a roughly hewn altar of Beogh.
 26202 | Orc:1    | Got an ichor-stained leather armour
 26212 | Orc:1    | Identified the +2 leather armour the Burning Raven {-Cast
                  | +Blink rF+ MP+9} (You found it on level 1 of the Orcish
                  | Mines)
 26306 | Orc:1    | Paralysed by an orc sorcerer for 4 turns
 26495 | Orc:2    | Entered Level 2 of the Orcish Mines
 26495 | Orc:2    | Noticed an orc warlord
 26511 | Orc:2    | Killed an orc warlord
 26549 | Orc:2    | Noticed an orc warlord
 26757 | Orc:1    | Killed an orc warlord
 27127 | Orc:2    | Found a roughly hewn altar of Beogh.
 27131 | Orc:2    | Received a gift from Trog
 27159 | Orc:2    | Found Tilo's Antique Weapon Emporium.
 27271 | Orc:2    | Found Coraedia's General Store.
 27307 | Orc:2    | Found a staircase to the Elven Halls.
 27606 | Orc:2    | Noticed Donald
 27634 | Orc:2    | Found a roughly hewn altar of Beogh.
 27652 | Orc:2    | Killed Donald
 27653 | Orc:2    | Found Viaph's Jewellery Emporium.
 27810 | Orc:2    | Bought 3 scrolls of identify for 60 gold pieces
 27934 | Orc:2    | Bought the amulet of the Crown {RegenMP Str+7} for 827 gold
                  | pieces
 28035 | Orc:2    | Found Fupedaus's Antique Armour Shoppe.
 28352 | Swamp:1  | Entered Level 1 of the Swamp
 28690 | Swamp:1  | Found a transporter.
 28736 | Swamp:1  | Found a transporter.
 28744 | Swamp:1  | Reached XP level 16. HP: 92/150 MP: 15/15
 29078 | Swamp:1  | Received a gift from Trog
 29094 | Swamp:1  | Reached skill level 20 in Axes
 29714 | Swamp:1  | Got an ancient plate armour
 30318 | Swamp:2  | Identified the cursed +0 plate armour of Aloukh {rCorr}
                  | (You found it on level 1 of the Swamp)
 32137 | Swamp:3  | Reached skill level 15 in Dodging
 33037 | Swamp:4  | Entered Level 4 of the Swamp
 33451 | Swamp:4  | Received a gift from Trog
 33771 | Swamp:4  | Got a fine battleaxe {god gift}
 33772 | Swamp:4  | Identified the +7 battleaxe "Acioromaxt" {vorpal, rPois MR+
                  | Int+4 Dex+4} (Trog gifted it to you on level 4 of the
                  | Swamp)
 33842 | Swamp:4  | Noticed a thorn hunter
 33858 | Swamp:4  | Killed a thorn hunter
 35566 | Swamp:4  | Reached XP level 17. HP: 136/161 MP: 16/16
 36530 | Swamp:4  | Got a decaying rune of Zot
 37008 | Spider:1 | Entered Level 1 of the Spider Nest
 37434 | Spider:1 | Received a gift from Trog
 38358 | Spider:1 | Reached skill level 15 in Stealth
 38819 | Spider:2 | Blown up by an orb spider

Illustrated notes

Levels and vault maps discovered:
D:1:      ebering_trefoil_twist, layout_basic
D:2:      layout_loops_cross, nicolae_overflow_hidden_temple, first_ration,
          hangedman_decor_riveting, minmay_tromino_v4_b, uniq_robin
D:3:      layout_basic, uniq_terence
D:4:      layout_gridville, uniq_grinder, uniq_ijyb
D:5:      layout_gridville, eat_drink_and_be_merry_uskayaw,
          kennysheep_mini_moat, serial_shops, shop, nicolae_underground_beach
D:6:      layout_basic, minmay_temple_entry_tees
D:7:      layout_loops_ring, kennysheep_mini, the_bakery
D:8:      layout_cave_pods, lemuel_doored_altar, old_standard_altar,
          lemuel_round_altar, chequers_temple_overflow_statue_of_worship,
          serial_shops, nicolae_shop_stone, shop, shop,
          gammafunk_ghost_berserking_beasts
D:9:      layout_cave_pods, serial_column_ruins, column_ruins_hut_pillars,
          column_ruins_hut, column_ruins_open_small_water, column_ruins_grid_1,
          column_ruins_grid_1, column_ruins_columns_dead_end,
          column_ruins_columns_straight, column_ruins_grid_1,
          column_ruins_columns_dead_end, uniq_erica
D:10:     layout_basic, nemelex_diamond_rough_becter, uniq_josephine
D:11:     layout_loops_corners, erik_lair_island, gauntlet_entry_generic
D:12:     layout_cave_pools, orc_0_dummy, guppyfry_shop_blood
D:13:     layout_roguey, david_vaults_4, serial_shops, shop, minivault_23
D:14:     layout_roguey, nrook_uturn, serial_shops, nicolae_shop_waterfront
D:15:     grunt_enter_depths_magical_seal, layout_loops_ring, uniq_rupert,
          uniq_jorgrun
Lair:1:   layout_cave_pods, special_room [special_room_bee], uniq_gastronok
Lair:2:   layout_cave_pods, serial_bayou_lagoon_a, grunt_megastairs_4
Lair:3:   layout_roguey, skrybe_swamp_entry_bodies, portal_ice_cave_entry_imps,
          chequers_serial_rivers_micro_d, minmay_lair_oklob_chamber,
          grunt_megastairs_1, infiniplex_staircase_pool_2, uniq_fannar
Lair:4:   layout_small_grid, spider_nest_entry_web_field, serial_bayou_shore_a,
          lemuel_fruit_fields, lemuel_fruit_tree
Lair:5:   statuecave_lemuel, layout_regular_city, slime_altar_1, st_stairs_7
Lair:6:   minmay_lair_end_frog_pond, layout_gridlike
Swamp:1:  gammafunk_the_bubble [the_bubble_gammafunk_split], layout_basic_swamp,
          evilmike_swamp_ruin_wall
Swamp:2:  layout_falls_marsh, serial_swamp_ruin, evilmike_swamp_ruin_house_3,
          evilmike_swamp_ruin_house_2, evilmike_swamp_ruin_house_1
Swamp:3:  layout_basic_swamp, evilmike_swamp_ruin_rubble_1
Swamp:4:  swamp, layout_basic_swamp, swamp_pool1, infiniplex_staircase_pool
Spider:1: layout_spider_delve, drop_trap
Spider:2: layout_spider_delve, uniq_roxanne, uniq_arachne
Orc:1:    orc_temple, layout_caves, abandoned_shop, trog_butcher_becter
Orc:2:    grunt_orc_gardens, layout_caves, grunt_orc_garden, grunt_orc_garden,
          grunt_orc_garden, grunt_orc_garden, basic_altar,
          nicolae_orc_damp_corner, david_defended_altar_orc, uniq_donald

Skill      XL: |  1  2  3  4  5  6  7  8  9 10 11 12 13 14 15 16 17 |
---------------+----------------------------------------------------+-----
Fighting       | 4 5 6 7 9 10 11 12 13 14 15 17 | 17.8
Axes           | 4 5 6 7 10 11 13 15 16 18 19 20 | 20.0
Armour         | 3 4 5 6 7 9 |  9.4
Dodging        | 3 4 5 6 8 9 10 11 12 13 14 15 16 | 16.3
Stealth        | 2 5 8 10 12 13 14 15 | 15.0

Action                   |  1- 3 |  4- 6 |  7- 9 | 10-12 | 13-15 | 16-18 || total
-------------------------+-------+-------+-------+-------+-------+-------++-------
Melee: Hand axe          |    63 |   146 |   299 |       |       |       ||   508
       Headbutt          |    14 |    23 |    54 |    89 |   205 |   138 ||   523
       Broad axe         |       |       |    33 |   364 |   167 |       ||   564
       Battleaxe         |       |       |       |    41 |   609 |   488 ||  1138
       Morningstar       |       |       |       |     4 |    11 |       ||    15
Throw: Stone             |       |       |       |       |     4 |     4 ||     8
Invok: Berserk           |     1 |     2 |     9 |    15 |    19 |    17 ||    63
       Brothers in Arms  |       |       |       |     3 |       |     1 ||     4
       Trog's Hand       |       |       |       |     1 |     1 |       ||     2
Evoke: Wand              |       |       |       |       |    12 |    15 ||    27
  Use: Scroll            |       |     5 |    18 |     7 |    13 |    17 ||    60
       Potion            |       |       |       |     7 |     7 |     1 ||    15
 Stab: Sleeping          |       |       |       |     4 |    47 |    12 ||    63
       Distracted        |       |       |       |       |     6 |     3 ||     9
  Eat: Chunk             |     1 |     4 |     6 |     5 |    24 |     9 ||    49
       Ration            |       |     3 |     5 |    10 |    10 |    11 ||    39
Armor: Animal skin       |     8 |       |       |       |       |       ||     8
       Ring mail         |    17 |    45 |   103 |    62 |       |       ||   227
       Leather armour    |       |     5 |    11 |       |       |       ||    16
       Scale mail        |       |       |       |   143 |   226 |   190 ||   559
       Plate armour      |       |       |       |       |       |    54 ||    54
       Swamp dragon scal |       |       |       |       |       |    23 ||    23
Dodge: Dodged            |    41 |   108 |   210 |   282 |   637 |   576 ||  1854
